 Dungeon Crawl Stone Soup version 0.26.0-10-g1f06aea511 (webtiles) character file.

Game seed: 8335936223175756942

24 funkygono the Magician (level 2, -9/19 HPs)
             Began as a Demonspawn Hedge Wizard on Jan 24, 2021.
             Mangled by a worm (11 damage)
             ... on level 1 of the Dungeon.
             The game lasted 00:02:13 (1053 turns).

funkygono the Magician (Demonspawn Hedge Wizard)    Turns: 1053, Time: 00:02:13

Health: -9/19      AC:  2    Str: 10    XL:     2   Next: 79%
Magic:  0/6        EV: 12    Int: 15    God:
Gold:   44         SH:  0    Dex: 14    Spells: 7/8 levels left

rFire    . . .     SeeInvis .   a - +0 dagger
rCold    . . .     Faith    .   (no shield)
rNeg     . . .     Spirit   .   b - +0 robe
rPois    .         Reflect  .   c - +0 hat
rElec    .         Harm     .   (no cloak)
rCorr    .         Rampage  .   (no gloves)
Will     .....                  (no boots)
Stlth    +++.......             (no amulet)
HPRegen  0.06/turn              (no ring)
MPRegen  0.10/turn              (no ring)

@: no status effects
A: thin skeletal structure 1
a: no special abilities


You were on level 1 of the Dungeon.
You visited 1 branch of the dungeon, and saw 2 of its levels.

You collected 44 gold pieces.

Inventory:

Hand Weapons
 a - a +0 dagger (weapon)
Armour
 b - a +0 robe (worn)
 c - a +0 hat (worn)
Potions
 f - a potion of mutation


   Skills:
 + Level 1.8 Dodging
 + Level 2.0 Stealth
 * Level 3.7 Spellcasting
 * Level 1.2 Conjurations
 + Level 1.0 Summonings
 + Level 0.8 Translocations


You had 7 spell levels left.
You knew the following spells:

 Your Spells              Type           Power        Failure   Level
a - Magic Dart            Conj           24%          12%         1

Your spell library contained the following spells:

 Spells                   Type           Power        Failure   Level
 Call Imp                 Summ           5%           19%         2
 Blink                    Tloc           N/A          21%         2
 Slow                     Hex            2%           28%         2
 Conjure Flame            Conj/Fire      4%           41%         3
 Mephitic Cloud           Conj/Pois/Air  3%           43%         3


Dungeon Overview and Level Annotations

Branches:
Dungeon (2/15)

Altars:


Innate Abilities, Weirdness & Mutations

You have a somewhat thin skeletal structure. (Dex +2, Stealth)


Message History

You hit the worm.
The worm is severely wounded.
The worm bites you.
Casting: Magic Dart (safe; 12% risk of failure)
Confirm with . or Enter, or press ? or * to list all spells.
Aiming: Magic Dart (safe; 12% risk of failure)
Press: ? - help, Shift-Dir - straight line, f - worm
Aim: a worm (heavily wounded, 0% to evade)
The magic dart hits the worm.
The worm is severely wounded.
Your magical contamination has completely faded away.
You hit the worm.
The worm is almost dead.
The worm bites you!
* * * LOW HITPOINT WARNING * * *
You hit the worm.
The worm is almost dead.
The worm bites you!
Ouch! That really hurt!
You die...

......#.#.......#
......#.#########
......#.##############
......#.##...........#
...>..#.##.###.......#
##....#.##.# #.......#
#####.#.##.###.......#
......#)##.....w.....#
≈§≈...).........@...##
≈≈≈≈≈...##..#.####...########
§≈≈≈≈#..#...#.# ##.........#
≈§≈≈##......#.# #..######.##
§≈≈##.#.....#.# #..........#
§§##.##≈...##.# #.......#..#
§§#.##≈≈......# #..........#
###.##≈§..#########.#.....#.##
.....#§≈..........#......##.#


You could see a worm.

Vanquished Creatures
  A dart slug (D:1)
  A leopard gecko (D:1)
  2 bats (D:1)
  2 giant cockroaches (D:1)
  A goblin (D:1)
  2 hobgoblins (D:1)
  3 jackals (D:1)
  2 kobolds (D:1)
  4 rats (D:1)
18 creatures vanquished.

Notes
Turn   | Place    | Note
-------+----------+-------------------------------------------
     0 | D:1      | funkygono the Demonspawn Hedge Wizard began the quest for
                  | the Orb.
     0 | D:1      | Reached XP level 1. HP: 13/13 MP: 4/4
   270 | D:1      | Gained mutation: You have a somewhat thin skeletal
                  | structure. (Dex +2, Stealth) [demonic ancestry]
   270 | D:1      | Reached XP level 2. HP: 19/19 MP: 0/6
  1053 | D:1      | Mangled by a worm

Illustrated notes

Levels and vault maps discovered:
D:1:      onia_arrival_mini_maze, layout_basic, hangedman_decor_push,
          hangedman_decor_clover_reticule, grunt_decor_junction
D:2:      kennysheep_big_flooded_room, layout_rooms, minmay_puff

Skill      XL: |  1  2 |
---------------+-------+-----
Stealth        | 2 |  2.0
Dodging        | |  1.8
Spellcasting   | |  3.7
Conjurations   | |  1.2
Summonings     | |  1.0
Translocations | |  0.8

Action                   || total
-------------------------++-------
Melee: Dagger            ||    25
 Cast: Magic Dart        ||    45
  Use: Scroll            ||     2
Armor: Robe              ||    11
Dodge: Dodged            ||    22
